 Dungeon Crawl Stone Soup version 0.23.0 (console) character file.

Game seed: 4800595296854751342

69893 mys the Protected (level 14, -3/124 HPs)
             Began as a Demonspawn Chaos Knight on Feb 17, 2019.
             Was a Plaything of Xom.
             Slain by a tentacled starspawn (9 damage)
             ... on level 1 of the Abyss.
             The game lasted 01:55:32 (27427 turns).

mys the Protected (Demonspawn Chaos Knight)        Turns: 27427, Time: 01:55:33

Health: -3/124     AC: 28    Str: 16    XL:     14   Next: 92%
Magic:  18/18      EV: 12    Int: 15    God:    Xom [.*....]
Gold:   1561       SH:  0    Dex: 18    Spells: 13/13 levels left

rFire    . . .     SeeInvis .   b - +8 mithril axe "Arga" {speed, MR+}
rCold    . . .     Gourm    +   (no shield)
rNeg     + + .     Faith    .   p - +2 chain mail {rC+}
rPois    +         Spirit   .   D - +0 hat of Fortification {rPois rC- rN++ Dex+3}
rElec    .         Reflect  .   o - +0 cloak
rCorr    .         Harm     .   N - +2 pair of gloves {archery}
MR       ++...     Clarity  +   (boots unavailable) Stlth +.........Rnd*Tele +
                                h - amulet of the gourmand
HPRegen  0.00/turn              d - ring of stealth
MPRegen  0.16/turn              u - +2 ring of evasion

@: about to teleport, sanguine armour, very slightly contaminated, glowing,
studying Bows
A: horns 1, talons 3, agile 1, clarity, demonic guardian 2, poison resistance,
robust 1, inhibited regeneration, spiny 1, teleportitis 1, sanguine armour 2
a: Renounce Religion


You were on level 1 of the Abyss.
You worshipped Xom.
You were a plaything of Xom.
You were very full.

You visited 3 branches of the dungeon, and saw 22 of its levels.
You visited the Abyss 1 time.
You also visited: Sewer and Ice Cave.

You collected 1561 gold pieces.

Inventory:

Hand Weapons
 a - a +1 longbow of venom
 b - the +8 mithril axe "Arga" (weapon) {speed, MR+}
   (You found it on level 6 of the Lair of Beasts)

   Attacks with this weapon are significantly faster.
   It affects your resistance to hostile enchantments.
Missiles
 i - 336 arrows
Armour
 o - a +0 cloak (worn)
 p - a +2 chain mail of cold resistance (worn)
 D - the +0 hat of Fortification (worn) {rPois rC- rN++ Dex+3}
   (You found it in an ice cave)

   It affects your dexterity (+3).
   It makes you vulnerable to cold.
   It protects you from poison.
   It greatly protects you from negative energy.
 N - a +2 pair of gloves of archery (worn)
Jewellery
 d - a ring of stealth (left hand)
 h - an amulet of the gourmand (around neck)
 u - a +2 ring of evasion (right hand)
Wands
 r - a wand of flame (42)
 y - a wand of clouds (12)
 z - a wand of digging (9)
 T - a wand of disintegration (9)
 U - a wand of iceblast (20)
 W - a wand of acid (18)
 X - a wand of enslavement (15)
Scrolls
 f - 4 scrolls of enchant armour
 g - 5 scrolls of amnesia
 j - 3 scrolls of fog
 k - 2 scrolls of teleportation
 t - 3 scrolls of fear
 v - 6 scrolls of magic mapping
 B - a scroll of summoning
 E - a scroll of silence {unknown}
 H - 15 scrolls of remove curse
 O - 3 scrolls of blinking
 Q - a scroll of torment {unknown}
Potions
 m - 8 potions of haste
 q - a potion of brilliance {unknown}
 s - 6 potions of might
 x - a potion of cancellation
 I - 7 potions of curing
 J - a potion of berserk rage
 L - 5 potions of agility
 M - 3 potions of resistance {unknown}
 R - 2 potions of ambrosia {unknown}
 V - 3 potions of invisibility
Books
 e - a manual of Bows
Miscellaneous
 l - a phial of floods
 w - a phantom mirror
 Y - a lamp of fire
Comestibles
 c - 22 rations


   Skills:
 + Level 11.1 Fighting
   Level 4.4 Long Blades
 + Level 6.3(10.3) Axes
   Level 9.6(10.3) Maces & Flails
   Level 8.5(9.4) Polearms
 + Level 9.6 Bows
 + Level 11.7 Armour
 + Level 4.6 Dodging
 + Level 5.5 Stealth
 * Level 5.8 Evocations


You had 13 spell levels left.
You didn't know any spells.
Your spell library contained the following spells:

 Spells                   Type           Power        Failure   Level  Hunger
 Sublimation of Blood     Necr           #.........   98%         2    ###....
 Ignite Poison            Fire/Tmut/Pois #.......     100%        3    ####...
 Petrify                  Tmut/Erth      #.......     100%        4    #####..
 Alistair's Intoxication  Tmut/Pois      #.......     100%        5    ######.
 Irradiate                Conj/Tmut      #.........   100%        5    ######.


Dungeon Overview and Level Annotations

Branches:
Dungeon (14/15)            Temple (0/1) D:6            Lair (6/6) D:11
 Shoals (0/4) Lair:2       Spider (0/4) Lair:3        Slime (0/5) Lair:6
    Orc (2/2) D:9             Elf (0/3) Orc:2
 Vaults: D:13-14

Altars:
Ashenzari
Elyvilon
Fedhas
Kikubaaqudgha
Nemelex Xobeh
Qazlal
Sif Muna
Trog
Wu Jian
Xom
Beogh

Shops:
D:13 }   Orc:1 =

Annotations:
D:2 Robin
D:4 1 runed translucent door
D:7 3 runed translucent doors, Peloso's ghost, novice MiFi
D:12 2 transporters, PeterQ's ghost, journeyman GnMo
D:13 3 runed translucent doors


Innate Abilities, Weirdness & Mutations

You have claws for feet.
A demonic guardian rushes to your aid.
You are robust. (+10% HP)
You are partially covered in sharp spines.
When seriously injured, your bleeding wounds create thick armour. (AC +9)
You have a pair of small horns on your head.
You are agile. (Dex +2)
You possess an exceptional clarity of mind.
Your system is resistant to poisons. (rPois)
You do not regenerate when monsters are visible.
You are occasionally teleported next to monsters.


Message History

Your soul eater is engulfed in blessed fire.
Your soul eater hits the small abomination!
The small abomination is destroyed!
A small abomination comes into view.
Blink to where?
Press: ? - help, Dir - move target cursor You are very lightly contaminated with residual magic.
As you read the scroll of blinking, it crumbles to dust.
The ophan calls forth blessed flames!
Blessed fire suddenly surrounds you!
Really walk into that cloud of blessed fire?
Okay, then.
Really walk into that cloud of blessed fire?
You are engulfed in blessed fire.
* * * LOW HITPOINT WARNING * * *
Something hits your soul eater.
Your soul eater hits the ophan!!
The tentacled starspawn bites you but does no damage.
The tentacled starspawn engulfs you!
You die...
Xom roars with laughter!

.# ##...#. .
##.# #....
#... #...#.. #
... . ..# ..#
## # #..#
#.§.##..##.#
#..##..
#....#...##...
# .#
#@§#.....# . #
###X.§.#.w.w#
. #...§#.....#
. ##§G##.
#..#. #§
#§§..x#.§ #..
# ##.3.##.§
... # ####.#
#.....#
#§.§#.#.## # .
§§§# ... . .
##.# .##### .
### . ..


You could see an ophan, a tentacled starspawn and a friendly soul eater.

Vanquished Creatures
  A tentacled starspawn (Abyss:1)
  2 stone giants
  A quicksilver dragon zombie (Abyss:1)
  Josephine (Lair:4)
  A hydra (D:13)
  Harold (D:9)
  2 centaur warriors (D:13)
  3 catoblepae (Lair:6)
  A death knight (D:12)
  4 death yaks (Lair:6)
  An orc high priest (Orc:1)
  A thrashing horror (Abyss:1)
  A deep troll (shapeshifter) (Abyss:1)
  2 unseen horrors
  A necromancer (D:13)
  4 ugly things
  2 manticores (Lair:6)
  A wolf spider (Lair:3)
  2 elephants (Lair:5)
  An ice statue (IceCv)
  An orange demon (Abyss:1)
  An apocalypse crab (Abyss:1)
  7 black mambas
  A torpor snail (Lair:5)
  8 spiny frogs
  2 centaur skeletons
  A rime drake (Lair:6)
  8 komodo dragons
  A kobold demonologist (Abyss:1)
  An efreet (Abyss:1)
  An ancient zyme (Abyss:1)
  11 polar bears
  A queen bee (D:8)
  2 jumping spiders (Lair:3)
  3 trolls
  2 meliai (D:13)
  3 slime creatures
  7 blink frogs
  A hornet (D:11)
  12 dream sheep
  6 hippogriffs
  2 flying skulls (Abyss:1)
  A redback (Lair:3)
  A large abomination (Abyss:1)
  2 ynoxinuls (Abyss:1)
  7 wyverns
  3 wraiths (Lair:4)
  2 basilisks
  A centaur simulacrum (D:13)
  38 yaks
  2 hungry ghosts
  A warg (Orc:2)
  11 water moccasins
  7 porcupines
  A sky beast (D:5)
  5 black bears
  An eye of draining (IceCv)
  3 ice beasts
  6 orc warriors
  19 wolves
  3 necrophages
  11 ogres
  2 centaurs
  19 crocodiles
  5 big kobolds (Sewer)
  11 bullfrogs
  A small abomination (Abyss:1)
  A wyvern zombie (D:12)
  A wyvern skeleton (D:7)
  6 scorpions
  22 killer bees
  11 wights
  3 electric eels (D:10)
  8 crimson imps
  6 howler monkeys
  A quasit (Abyss:1)
  5 hounds
  2 bullfrog skeletons
  2 jellies
  5 orc priests
  10 orc wizards
  An iron imp (Abyss:1)
  4 worker ants
  Natasha (D:2)
  3 iguanas
  A killer bee zombie (D:7)
  2 bullfrog simulacra (D:10)
  A human simulacrum (D:13)
  6 gnolls
  14 adders
  4 river rats (Sewer)
  4 shadow imps
  3 white imps
  A worker ant simulacrum (D:10)
  4 oozes
  An adder skeleton (D:7)
  6 worms
  2 dart slugs (D:1)
  4 leopard geckos
  51 orcs
  3 bats (D:1)
  9 giant cockroaches
  13 goblins
  9 hobgoblins
  11 jackals
  5 quokkas
  6 ball pythons
  5 frilled lizards
  7 kobolds
  A leopard gecko zombie (D:5)
  A quokka skeleton (D:9)
  15 rats
  A fungus (Lair:5)
  A plant (Lair:6)
561 creatures vanquished.

Vanquished Creatures (collateral kills)
  Gastronok (Lair:2)
  A frost giant (IceCv)
  An ogre mage (D:14)
  A slime creature (D:12)
  2 hydras (Lair:4)
  4 two-headed ogres
  3 death yaks
  A vampire mage (Abyss:1)
  A cyclops (D:11)
  4 elephants (Lair:5)
  2 centaur zombies
  2 merfolk sirens (Lair:2)
  A gargoyle (D:13)
  A kobold demonologist (D:10)
  A jumping spider (Lair:3)
  2 merfolk (Lair:2)
  A meliai (D:13)
  5 polar bears
  A blink frog (Lair:5)
  4 dream sheep (Lair:6)
  A wyvern (D:13)
  16 yaks
  2 wraiths (Lair:4)
  A basilisk (Lair:2)
  2 small abominations (Abyss:1)
  2 water moccasins
  A floating eye (shapeshifter) (Lair:5)
  2 porcupines (D:11)
  3 orc warriors
  2 ogres
  3 sky beasts
  6 wolves
  3 big kobolds
  4 killer bees
  3 wights
  2 crimson imps (D:6)
  A gnoll shaman (D:4)
  7 orc wizards
  A bullfrog skeleton (D:12)
  2 orc priests
  An iguana (D:11)
  Natasha (D:2)
  A worker ant (D:6)
  A gnoll (D:4)
  2 white imps (D:10)
  An ufetubus (D:10)
  A leopard gecko (D:9)
  9 orcs
  A giant cockroach (D:3)
  A kobold (D:10)
  2 quokkas
  2 rats (D:3)
126 creatures vanquished.

Vanquished Creatures (others)
  A wizard (D:10)
  A manticore (D:13)
  A yak (IceCv)
  A warg (Orc:1)
  A crimson imp (D:12)
  A human simulacrum (D:13)
  A dart slug (D:1)
  14 fungi
  13 plants
  9 starspawn tentacles (Abyss:1)
43 creatures vanquished.

Grand Total: 730 creatures vanquished

Notes
Turn   | Place    | Note
-------+----------+-------------------------------------------
     0 | D:1      | mys the Demonspawn Chaos Knight began the quest for the
                  | Orb.
     0 | D:1      | Reached XP level 1. HP: 18/18 MP: 1/1
     2 | D:1      | XOM: harmless Fire miscast
     5 | D:1      | XOM: divination: detect creatures
    42 | D:1      | Gained mutation: A weak demonic guardian rushes to your
                  | aid. [demonic ancestry]
    42 | D:1      | Reached XP level 2. HP: 16/24 MP: 2/2
   562 | D:1      | XOM: harmless Tloc miscast
   582 | D:1      | Reached XP level 3. HP: 29/29 MP: 3/3
  1285 | D:2      | XOM: silly message
  1350 | D:2      | Noticed Natasha
  1356 | D:2      | Killed Natasha
  1356 | D:2      | Reached skill level 1 in Dodging
  1356 | D:2      | Reached skill level 1 in Stealth
  1356 | D:2      | Gained mutation: You have sharp toenails. [demonic
                  | ancestry]
  1356 | D:2      | Reached XP level 4. HP: 35/35 MP: 4/4
  1389 | D:2      | Noticed Natasha
  1394 | D:2      | Killed Natasha
  1475 | D:2      | Noticed Robin
  1489 | D:2      | XOM: divination: magic mapping
  1491 | D:2      | XOM: harmless Ice miscast
  1523 | D:2      | XOM: mild Hex miscast
  1606 | D:3      | XOM: divination: magic mapping
  1607 | D:3      | Gained mutation: When seriously injured, your bleeding
                  | wounds create armour. (AC +9) [demonic ancestry]
  1607 | D:3      | Reached XP level 5. HP: 38/41 MP: 5/5
  1837 | D:3      | XOM: divination: magic mapping
  1871 | D:3      | XOM: silly message
  1923 | D:3      | XOM: cast spell 'Summon Butterflies'
  2122 | D:3      | Found a shimmering altar of Xom.
  2176 | D:3      | Reached skill level 1 in Maces & Flails
  2190 | D:3      | Found a glowing drain.
  2195 | D:3      | Gained mutation: You are partially covered in sharp spines.
                  | [demonic ancestry]
  2195 | D:3      | Reached XP level 6. HP: 46/48 MP: 6/6
  2200 | Sewer    | Entered a sewer
  2322 | Sewer    | XOM: noise
  2360 | Sewer    | XOM: harmless Erth miscast
  2423 | Sewer    | XOM: mild Fire miscast
  2669 | Sewer    | XOM: harmless Conj miscast
  2702 | Sewer    | XOM: swap monsters
  2704 | Sewer    | Gained mutation: A demonic guardian rushes to your aid.
                  | [demonic ancestry]
  2704 | Sewer    | Reached XP level 7. HP: 48/54 MP: 7/7
  2808 | Sewer    | XOM: summons 4 hostile shadow creatures
  2869 | Sewer    | XOM: harmless Ice miscast
  3127 | D:3      | XOM: scenery: create altars
  3213 | D:3      | XOM: confusion (+ monsters)
  3461 | D:4      | Reached XP level 8. HP: 58/61 MP: 8/8
  3542 | D:4      | XOM: 1-stop teleportation journey
  3671 | D:4      | Found a runed translucent door.
  3672 | D:4      | Found a white marble altar of Elyvilon.
  3672 | D:4      | Noticed an angel
  3799 | D:4      | Found a deep blue altar of Sif Muna.
  3868 | D:4      | Found a shattered altar of Ashenzari.
  3922 | D:4      | XOM: give mutations
  3922 | D:4      | Gained mutation: You have a pair of small horns on your
                  | head. [Xom's grace]
  3922 | D:4      | Gained mutation: Your system is resistant to poisons.
                  | (rPois) [Xom's grace]
  3922 | D:4      | Gained mutation: You evolve. [Xom's grace]
  3922 | D:4      | Gained mutation: You are resistant to hostile enchantments.
                  | (MR+) [Xom's grace]
  4060 | D:4      | XOM: give mutations
  4060 | D:4      | Gained mutation: You are clumsy. (Dex -2) [Xom's mischief]
  4060 | D:4      | Lost mutation: You evolve. [Xom's mischief]
  4103 | D:5      | Entered Level 5 of the Dungeon
  4130 | D:5      | Found a white marble altar of Elyvilon.
  4142 | D:5      | XOM: butterfly on damage
  4436 | D:4      | XOM: god gift: ivory wand {god gift}
  4454 | D:5      | XOM: divination: detect items
  4555 | D:5      | Reached skill level 5 in Maces & Flails
  4624 | D:5      | XOM: potion effect (agility)
  4670 | D:5      | Found a bloodstained altar of Trog.
  4844 | D:5      | XOM: silly message
  4854 | D:5      | Reached skill level 5 in Fighting
  4864 | D:5      | XOM: harmless Tloc miscast
  4883 | D:5      | XOM: silly message
  4895 | D:5      | XOM: harmless Air miscast
  5143 | D:6      | XOM: silly message
  5195 | D:6      | XOM: harmless Ice miscast
  5213 | D:6      | Reached skill level 5 in Armour
  5223 | D:6      | Found a staircase to the Ecumenical Temple.
  5258 | D:6      | XOM: repel stairs
  5328 | D:6      | Found an ancient bone altar of Kikubaaqudgha.
  5328 | D:6      | Found a stormy altar of Qazlal.
  5328 | D:6      | XOM: 9-stop teleportation journey
  5364 | D:6      | XOM: summons 8 friendly demons
  5415 | D:6      | XOM: mild Conj miscast
  5440 | D:6      | XOM: mild Chrm miscast
  5490 | D:6      | XOM: noise
  5529 | D:6      | XOM: 1-stop teleportation journey
  5837 | D:6      | XOM: summons 3 hostile demons
  5962 | D:6      | XOM: give mutations
  5962 | D:6      | Gained mutation: You are frail. (-10% HP) [Xom's mischief]
  5962 | D:6      | Gained mutation: Your body sometimes deteriorates upon
                  | taking damage. [Xom's mischief]
  5962 | D:6      | Lost mutation: Your body sometimes deteriorates upon taking
                  | damage. [Xom's mischief]
  6160 | D:6      | XOM: summons 1 hostile shadow creature
  6215 | D:6      | XOM: mild Tloc miscast
  6267 | D:6      | XOM: harmless Erth miscast
  6293 | D:6      | Found a sparkling altar of Nemelex Xobeh.
  6294 | D:6      | Found a blossoming altar of Fedhas.
  6331 | D:6      | XOM: confusion (+ monsters)
  6333 | D:6      | XOM: enchant monster (bad)
  6342 | D:6      | Reached XP level 9. HP: 34/61 MP: 9/9
  6743 | D:7      | Found a runed translucent gate.
  6743 | D:7      | Found a runed translucent gate.
  6744 | D:7      | Found a runed translucent gate.
  6744 | D:7      | Noticed Peloso's ghost (novice MiFi)
  6745 | D:7      | Identified the +6 dagger of Fate {drain, *Noise +Rage rElec
                  | rF-}
  6798 | D:7      | XOM: harmless Summ miscast
  6801 | D:7      | XOM: polymorph killer bee -> iguana
  7327 | D:7      | XOM: cloud trail
  7514 | D:8      | Found a bloodstained altar of Trog.
  7712 | D:8      | XOM: divination: detect items
  7925 | D:8      | XOM: potion effect (might)
  7972 | D:8      | Noticed a two-headed ogre
  7981 | D:8      | XOM: butterfly on damage
  7981 | D:8      | Killed a two-headed ogre
  7981 | D:8      | Gained mutation: You have razor-sharp toenails. [demonic
                  | ancestry]
  7981 | D:8      | Reached XP level 10. HP: 31/68 MP: 10/10
  7997 | D:8      | XOM: harmless Erth miscast
  8091 | D:8      | Reached skill level 1 in Axes
  8209 | D:8      | XOM: divination: detect creatures
  8351 | D:8      | XOM: silly message
  8358 | D:9      | Found a staircase to the Orcish Mines.
  8369 | D:9      | XOM: potion effect (berserk rage)
  8441 | D:9      | XOM: silly message
  8451 | D:9      | Found a roughly hewn altar of Beogh.
  8571 | D:9      | Got a shimmering trident
  8572 | D:9      | Identified the cursed +2 trident "Telilun" {venom, +Inv rF+
                  | SInv} (You found it on level 9 of the Dungeon)
  8610 | D:9      | XOM: divination: magic mapping
  8685 | D:9      | XOM: silly message
  8730 | D:9      | XOM: cast spell 'Summon Ice Beast'
  8929 | D:9      | Noticed Harold
  8942 | D:9      | XOM: smoke on damage
  8946 | D:9      | Killed Harold
  8946 | D:9      | Reached skill level 1 in Polearms
  8946 | D:9      | Reached skill level 1 in Evocations
  9089 | D:9      | Found an ornate altar of the Wu Jian Council.
  9253 | D:9      | XOM is BORED!
  9253 | D:9      | XOM: mild Necr miscast
  9575 | D:9      | XOM: harmless Conj miscast
  9668 | D:10     | Entered Level 10 of the Dungeon
  9693 | D:10     | XOM: enchant monster (good)
  9884 | D:10     | XOM: cast spell 'Summon Small Mammal'
  9897 | D:10     | XOM: harmless Fire miscast
  9920 | D:10     | XOM: 3-stop teleportation journey
  9923 | D:10     | XOM: medium Air miscast
  9937 | D:10     | Lost mutation: You are frail. (-10% HP) [demonic ancestry]
  9937 | D:10     | Gained mutation: You are robust. (+10% HP) [demonic
                  | ancestry]
  9937 | D:10     | Reached XP level 11. HP: 27/91 MP: 12/12
 10324 | D:10     | XOM: medium Ice miscast
 10556 | D:10     | Found a bloodstained altar of Trog.
 10557 | D:10     | Noticed a wizard
 10563 | D:10     | Killed a wizard
 10647 | D:10     | XOM: harmless Air miscast
 10726 | D:10     | XOM: confusion
 10742 | D:10     | XOM: mild Tmut miscast
 10785 | D:10     | XOM: harmless Fire miscast
 10892 | D:11     | XOM: silly message
 10947 | D:11     | XOM: silly message
 11000 | D:11     | Found a staircase to the Lair.
 11188 | D:11     | XOM: harmless Air miscast
 11237 | D:11     | XOM: medium Erth miscast
 11450 | D:11     | Found a white marble altar of Elyvilon.
 11556 | D:11     | XOM: divination: detect creatures
 11579 | D:11     | XOM: cloud trail
 11741 | D:12     | Noticed a death knight
 11742 | D:12     | XOM: divination: magic mapping
 11751 | D:12     | Killed a death knight
 11853 | D:12     | XOM: mild Conj miscast
 11905 | D:12     | XOM: mild Summ miscast
 12001 | D:12     | XOM: cloud trail
 12045 | D:12     | XOM: medium Ice miscast
 12070 | D:12     | XOM: mild Tloc miscast
 12159 | D:12     | Noticed a two-headed ogre
 12160 | D:12     | Noticed a green ugly thing
 12185 | D:12     | Killed a green ugly thing
 12200 | D:12     | Killed a two-headed ogre
 12200 | D:12     | Reached skill level 5 in Polearms
 12438 | D:12     | Noticed a brown ugly thing
 12450 | D:12     | Killed a brown ugly thing
 12488 | D:12     | XOM: cast spell 'Summon Mana Viper'
 12599 | D:12     | Found a transporter.
 12603 | D:12     | Noticed a harpy
 12603 | D:12     | Noticed PeterQ's ghost (journeyman GnMo)
 12604 | D:12     | Noticed a catoblepas
 12663 | D:12     | Found a transporter.
 12736 | D:12     | Noticed an unseen horror
 12742 | D:12     | Killed an unseen horror
 12800 | D:12     | XOM: harmless Hex miscast
 12919 | D:12     | XOM: confusion
 12921 | D:12     | XOM: enchant monster (bad)
 12941 | D:12     | HP: 2/94 [enormous slime creature (62)]
 13326 | D:12     | XOM: medium Necr miscast
 13535 | D:12     | XOM: medium Summ miscast
 13722 | D:12     | XOM: medium Tloc miscast
 13734 | D:12     | XOM: harmless Necr miscast
 13870 | D:13     | Found Maxu's Gadget Boutique.
 13888 | D:13     | Noticed a centaur warrior
 13892 | D:13     | Noticed an eight-headed hydra
 13900 | D:13     | XOM: blink monster(s)
 13906 | D:13     | Killed a centaur warrior
 13906 | D:13     | Gained mutation: You have claws for feet. [demonic
                  | ancestry]
 13906 | D:13     | Reached XP level 12. HP: 61/102 MP: 10/14
 14075 | D:13     | Killed an eight-headed hydra
 14099 | D:13     | XOM: mild Tmut miscast
 14259 | D:13     | Found a runed translucent door.
 14259 | D:13     | Noticed a vampire knight
 14259 | D:13     | Noticed a tengu warrior
 14267 | D:13     | XOM: potion effect (brilliance)
 14308 | D:13     | XOM: harmless Tloc miscast
 14370 | D:13     | Noticed a two-headed ogre
 14373 | D:13     | Killed a two-headed ogre
 14673 | D:14     | XOM: cast spell 'Summon Butterflies'
 14723 | D:13     | Reached skill level 1 in Bows
 14834 | D:13     | XOM is BORED!
 14834 | D:13     | XOM: medium Summ miscast
 14911 | D:14     | Found a sparkling altar of Nemelex Xobeh.
 14911 | D:14     | XOM: 7-stop teleportation journey
 14947 | D:14     | Noticed an ogre mage
 14947 | D:14     | Noticed a two-headed ogre
 14947 | D:14     | Noticed a two-headed ogre
 14947 | D:14     | Noticed a two-headed ogre
 14961 | D:14     | Killed an ogre mage
 14969 | D:14     | Killed a two-headed ogre
 14993 | D:13     | XOM: confuse monster(s)
 15107 | D:13     | Noticed a centaur warrior
 15116 | D:13     | Killed a centaur warrior
 15216 | D:13     | XOM: cloud trail
 15243 | D:13     | Noticed a sphinx
 15244 | D:13     | Found a runed translucent door.
 15246 | D:13     | Identified the +9 glaive of Growth {chop, rElec}
 15246 | D:13     | Noticed an ogre mage
 15247 | D:13     | Found a runed translucent door.
 15248 | D:13     | Noticed a tengu warrior
 15283 | D:13     | XOM: polymorph ice devil -> rust devil
 15284 | D:13     | XOM: scenery: create altars
 15385 | Lair:1   | Entered Level 1 of the Lair of Beasts
 15389 | Lair:1   | XOM: noise
 15466 | Lair:1   | You fall through a shaft!
 15476 | Lair:2   | Noticed Gastronok
 15481 | Lair:2   | Reached skill level 10 in Armour
 15483 | Lair:2   | XOM: mild Tmut miscast
 15484 | Lair:2   | XOM: chaos cloud
 15488 | Lair:2   | Killed Gastronok
 15505 | Lair:2   | Found a frozen archway.
 15522 | IceCv    | Entered an ice cave
 15523 | IceCv    | XOM: potion effect (haste)
 15711 | IceCv    | Reached skill level 5 in Stealth
 16322 | IceCv    | XOM: polymorph polar bear -> eye of draining
 16529 | IceCv    | XOM: 7-stop teleportation journey
 16604 | IceCv    | Noticed a frost giant
 16613 | IceCv    | XOM: polymorph smoke demon -> sixfirhy
 16615 | IceCv    | Gained mutation: When seriously injured, your bleeding
                  | wounds create thick armour. (AC +9) [demonic ancestry]
 16615 | IceCv    | Reached XP level 13. HP: 89/111 MP: 11/15
 16618 | IceCv    | Reached skill level 5 in Bows
 16627 | IceCv    | Killed a frost giant
 16652 | IceCv    | XOM: divination: detect creatures
 16709 | IceCv    | Got a bloodstained hat
 16720 | IceCv    | Identified the +0 hat of Fortification {rPois rC- rN++
                  | Dex+3} (You found it in an ice cave)
 17127 | Lair:2   | XOM: scenery: create altars
 17174 | Lair:2   | XOM: cast spell 'Leda's Liquefaction'
 17364 | Lair:2   | Found a staircase to the Shoals.
 17366 | Lair:2   | XOM: smoke on damage
 17798 | Lair:2   | XOM: fake destruction
 17814 | Lair:2   | XOM: god gift: runed demon whip {god gift}
 18007 | Lair:2   | XOM: give mutations
 18007 | Lair:2   | Gained mutation: You possess an exceptional clarity of
                  | mind. [Xom's grace]
 18007 | Lair:2   | Gained mutation: Your mind is acute. (Int +2) [Xom's grace]
 18419 | Lair:1   | Identified a scroll of acquirement
 18600 | Lair:1   | XOM: silly message
 18688 | Lair:1   | XOM: harmless Air miscast
 18856 | Lair:1   | XOM: harmless Chrm miscast
 18987 | Lair:1   | XOM: divination: magic mapping
 19515 | Lair:3   | XOM: divination: detect creatures
 19584 | Lair:3   | Found a hole to the Spider Nest.
 20255 | Lair:4   | Got a faintly humming robe
 20266 | Lair:4   | Identified the +2 robe of Bad Feelings {Dex+3} (You
                  | acquired it on level 4 of the Lair of Beasts)
 20281 | Lair:4   | XOM: scenery: create altars
 20378 | Lair:4   | Noticed Josephine
 20389 | Lair:4   | Killed Josephine
 20395 | Lair:4   | XOM: summons 2 friendly demons
 20436 | Lair:4   | XOM: scenery: create altars
 20597 | Lair:4   | XOM: noise
 20629 | Lair:4   | Lost mutation: You are resistant to hostile enchantments.
                  | (MR+) [potion of mutation]
 20629 | Lair:4   | Lost mutation: You are clumsy. (Dex -2) [potion of
                  | mutation]
 20629 | Lair:4   | Gained mutation: You do not regenerate when monsters are
                  | visible. [potion of mutation]
 20629 | Lair:4   | Gained mutation: You can translocate small distances at
                  | will. [potion of mutation]
 20629 | Lair:4   | Gained mutation: You passively map a small area around you.
                  | [potion of mutation]
 20630 | Lair:4   | Lost mutation: Your mind is acute. (Int +2) [potion of
                  | mutation]
 20630 | Lair:4   | Lost mutation: You passively map a small area around you.
                  | [potion of mutation]
 20630 | Lair:4   | Lost mutation: You possess an exceptional clarity of mind.
                  | [potion of mutation]
 20630 | Lair:4   | Gained mutation: You have sharp fingernails. [potion of
                  | mutation]
 20630 | Lair:4   | Lost mutation: You have a pair of small horns on your head.
                  | [potion of mutation]
 20630 | Lair:4   | Lost mutation: You do not regenerate when monsters are
                  | visible. [potion of mutation]
 20778 | Lair:4   | XOM: severe Fire miscast
 20882 | Lair:4   | XOM: 2-stop teleportation journey
 21055 | Lair:4   | XOM: torment (69/113 hp)
 21057 | Lair:4   | XOM: confusion
 21066 | Lair:4   | XOM: harmless Pois miscast
 21211 | Lair:4   | XOM: mild Erth miscast
 21387 | Lair:5   | Reached skill level 10 in Fighting
 21635 | Lair:5   | XOM: mild Summ miscast
 21777 | Lair:5   | XOM: noise
 21889 | Lair:5   | XOM: repel stairs
 22202 | Lair:5   | XOM: silly message
 22434 | Lair:5   | XOM: god gift: scroll labeled WYDA LEUHAF {god gift}
 22732 | Lair:5   | XOM: torment (69/113 hp)
 23048 | Lair:6   | Entered Level 6 of the Lair of Beasts
 23120 | Lair:5   | XOM: polymorph crocodile -> glowing shapeshifter
 23123 | Lair:5   | XOM: summons 1 hostile demon
 23136 | Lair:5   | XOM: polymorph six-headed hydra -> death yak
 23352 | Lair:5   | Reached XP level 14. HP: 121/121 MP: 17/17
 23434 | Lair:5   | XOM: mild Necr miscast
 23524 | Lair:5   | XOM: swap monsters
 23789 | Lair:5   | XOM: give mutation
 23910 | Lair:6   | XOM: mild Erth miscast
 24032 | Lair:6   | Found a staircase to the Slime Pits.
 24038 | Lair:6   | XOM: 1-stop teleportation journey
 24520 | Lair:6   | XOM: give mutations
 24520 | Lair:6   | Gained mutation: You are weak. (Str -2) [Xom's mischief]
 24520 | Lair:6   | Gained mutation: You expend magic power (3 MP) to
                  | strengthen your wands. [Xom's mischief]
 24560 | Lair:6   | XOM: polymorph sixfirhy -> sun demon
 25106 | Lair:6   | Found the +8 mithril axe "Arga" {speed, MR+}
 25192 | Lair:6   | XOM: severe Necr miscast
 25221 | Lair:6   | XOM: give mutations
 25221 | Lair:6   | Gained mutation: You occasionally shout uncontrollably at
                  | your foes. [Xom's mischief]
 25221 | Lair:6   | Gained mutation: Your body sometimes deteriorates upon
                  | taking damage. [Xom's mischief]
 25357 | Lair:6   | XOM: enchant monster (good)
 25394 | Lair:6   | XOM: 3-stop teleportation journey
 25406 | Lair:6   | XOM: harmless Ice miscast
 25441 | Lair:6   | Lost mutation: You expend magic power (3 MP) to strengthen
                  | your wands. [potion of mutation]
 25441 | Lair:6   | Lost mutation: You are weak. (Str -2) [potion of mutation]
 25441 | Lair:6   | Lost mutation: Your body sometimes deteriorates upon taking
                  | damage. [potion of mutation]
 25441 | Lair:6   | Lost mutation: You can translocate small distances at will.
                  | [potion of mutation]
 25441 | Lair:6   | Gained mutation: Your mind is acute. (Int +2) [potion of
                  | mutation]
 25442 | Lair:6   | Lost mutation: Your mind is acute. (Int +2) [potion of
                  | mutation]
 25442 | Lair:6   | Lost mutation: You occasionally shout uncontrollably at
                  | your foes. [potion of mutation]
 25442 | Lair:6   | Gained mutation: You possess an exceptional clarity of
                  | mind. [potion of mutation]
 25442 | Lair:6   | Gained mutation: You are somewhat resistant to further
                  | mutation. [potion of mutation]
 25442 | Lair:6   | Gained mutation: You have very sharp fingernails. [potion
                  | of mutation]
 25443 | Lair:6   | Lost mutation: You possess an exceptional clarity of mind.
                  | [potion of mutation]
 25443 | Lair:6   | Lost mutation: You have very sharp fingernails. [potion of
                  | mutation]
 25443 | Lair:6   | Lost mutation: You are somewhat resistant to further
                  | mutation. [potion of mutation]
 25443 | Lair:6   | Lost mutation: You have sharp fingernails. [potion of
                  | mutation]
 25443 | Lair:6   | Gained mutation: Your body sometimes deteriorates upon
                  | taking damage. [potion of mutation]
 25443 | Lair:6   | Gained mutation: You possess an exceptional clarity of
                  | mind. [potion of mutation]
 25444 | Lair:6   | Lost mutation: Your body sometimes deteriorates upon taking
                  | damage. [potion of mutation]
 25444 | Lair:6   | Gained mutation: You are occasionally teleported next to
                  | monsters. [potion of mutation]
 25444 | Lair:6   | Gained mutation: You have a pair of small horns on your
                  | head. [potion of mutation]
 25444 | Lair:6   | Gained mutation: You do not regenerate when monsters are
                  | visible. [potion of mutation]
 25444 | Lair:6   | Gained mutation: You are agile. (Dex +2) [potion of
                  | mutation]
 25490 | Lair:6   | XOM: cloud trail
 25933 | Orc:1    | Entered Level 1 of the Orcish Mines
 25936 | Orc:1    | Noticed a stone giant
 25936 | Orc:1    | XOM: noise
 25939 | Orc:1    | XOM: chaos upgrade
 25945 | Orc:1    | XOM: harmless Erth miscast
 25951 | Orc:1    | Killed a stone giant
 25951 | Orc:1    | Reached skill level 5 in Evocations
 25981 | Orc:1    | Noticed a stone giant
 26281 | D:9      | XOM: chaos upgrade
 26300 | D:9      | Killed a stone giant
 26478 | D:9      | XOM: silly message
 26627 | Orc:1    | XOM: divination: detect items
 26689 | Orc:1    | Reached skill level 5 in Axes
 26823 | Orc:1    | XOM: divination: detect items
 26943 | Orc:1    | Found Intab's Jewellery Shop.
 27031 | Orc:2    | Entered Level 2 of the Orcish Mines
 27031 | Orc:2    | Found a staircase to the Elven Halls.
 27097 | Orc:2    | Cast into level 1 of the Abyss (orc warrior)
 27139 | Abyss:1  | XOM: summons 5 friendly demons
 27214 | Abyss:1  | Noticed a white very ugly thing
 27322 | Abyss:1  | XOM: harmless Tmut miscast
 27348 | Abyss:1  | Noticed a tentacled starspawn
 27357 | Abyss:1  | Noticed an ophan
 27373 | Abyss:1  | XOM: summons friendly white imp
 27406 | Abyss:1  | XOM: noise
 27417 | Abyss:1  | Noticed a tentacled starspawn
 27424 | Abyss:1  | Killed a tentacled starspawn
 27427 | Abyss:1  | HP: 6/124 [something] (34)]
 27427 | Abyss:1  | Slain by a tentacled starspawn

Skill      XL: |  1  2  3  4  5  6  7  8  9 10 11 12 13 14 |
---------------+-------------------------------------------+-----
Long Blades    | 3 4 |  4.4
Armour         | 2 3 4 5 7 8 9 10 11 | 11.7
Dodging        | 1 2 3 4 |  4.6
Stealth        | 1 2 3 4 5 |  5.5
Maces & Flails | 1 2 4 6 8 9 |  9.6
Fighting       | 4 5 6 7 8 9 10 11 | 11.1
Axes           | 3 6 |  6.3
Polearms       | 3 6 8 |  8.5
Evocations     | 2 3 4 5 |  5.8
Bows           | 4 8 9 |  9.6

Action                   |  1- 3 |  4- 6 |  7- 9 | 10-12 | 13-15 || total
-------------------------+-------+-------+-------+-------+-------++-------
Melee: Falchion          |    79 |    44 |       |       |       ||   123
       Kick              |       |    39 |    71 |   135 |   177 ||   422
       Mace              |       |   134 |   302 |       |       ||   436
       Headbutt          |       |       |    31 |   101 |    50 ||   182
       Hand axe          |       |       |    25 |    46 |       ||    71
       Trident           |       |       |       |   543 |    65 ||   608
       Scimitar          |       |       |       |     9 |       ||     9
       Demon whip        |       |       |       |       |   256 ||   256
       Broad axe         |       |       |       |       |   170 ||   170
 Fire: Longbow           |       |       |       |    61 |   259 ||   320
 Abil: Evoke Invisibilit |       |       |       |     9 |       ||     9
       Blink             |       |       |       |       |    27 ||    27
Evoke: Wand              |       |       |     1 |    12 |    22 ||    35
       Lamp of fire      |       |       |       |     1 |       ||     1
  Use: Scroll            |       |     5 |     5 |     9 |    19 ||    38
       Potion            |       |     4 |       |     4 |    10 ||    18
 Stab: Paralysed         |     1 |     1 |       |       |     2 ||     4
       Sleeping          |     3 |     3 |       |       |       ||     6
       Distracted        |     1 |     2 |       |     6 |     6 ||    15
       Petrifying        |     1 |       |       |       |       ||     1
       Invisible         |       |       |       |    13 |     2 ||    15
       Confused          |       |       |       |     1 |     2 ||     3
  Eat: Chunk             |     1 |     5 |    17 |    16 |    35 ||    74
       Ration            |       |       |     1 |     5 |     2 ||     8
Armor: Leather armour    |    28 |       |       |       |       ||    28
       Ring mail         |     4 |    28 |       |       |       ||    32
       Chain mail        |       |   106 |   183 |   302 |   270 ||   861
Dodge: Dodged            |    38 |    87 |   134 |   311 |   241 ||   811
       Rpst.: Falchion   |    13 |     5 |       |       |       ||    18
       Scimitar          |       |       |       |     2 |       ||     2
